 Dungeon Crawl Stone Soup version 0.29-a0-1027-gcd8c55af63 (webtiles) character file.

Game seed: 8038060940361899573

112 Zonian the Grave Robber (level 4, -2/30 HPs)
             Began as a Demonspawn Necromancer on Aug 12, 2022.
             Killed by nerve-wracking pain
             ... invoked by a shadow imp
              (5 damage)
             ... on level 3 of the Dungeon.
             The game lasted 00:04:44 (2849 turns).

Zonian the Grave Robber (Demonspawn Necromancer)    Turns: 2849, Time: 00:04:45

Health: -2/30      AC:  2    Str:  9    XL:     4   Next: 64%
Magic:  4/8        EV: 12    Int: 18    God:
Gold:   101        SH:  0    Dex: 13    Spells: 7/8 levels left

rFire   + . .      SeeInvis .   i - +0 dagger (elec)
rCold   . . .      Faith    .   (no shield)
rNeg    . . .      Spirit   .   a - +0 robe
rPois   .          Reflect  .   (no helmet)
rElec   .          Harm     .   h - scarf {repulsion}
rCorr   .          Rampage  .   (no gloves)
Will    .....                   (no boots)
Stlth   ++........              (no amulet)
HPRegen 0.10/turn               f - ring of protection from fire
MPRegen 0.11/turn               (no ring)

@: repel missiles
A: ignite blood 1, demonic magic 1, demonic touch 1
a: no special abilities


You were on level 3 of the Dungeon.
You visited 1 branch of the dungeon, and saw 3 of its levels.

You collected 101 gold pieces.

Inventory:

Hand Weapons
 e - a +0 sling
 i - a +0 dagger of electrocution (weapon)
 m - a +0 dagger of speed
Missiles
 p - 3 javelins
Armour
 a - a +0 robe (worn)
 g - a +0 pair of gloves
 h - a scarf of repulsion (worn)
Jewellery
 f - a ring of protection from fire (left hand)
Scrolls
 d - 3 scrolls of blinking {unknown}
 l - a scroll of amnesia {unknown}
 o - 4 scrolls of identify {unknown}
Potions
 b - a potion of magic
 c - a potion of flight {unknown}
 j - 2 potions of mutation {unknown}
 k - a potion of ambrosia {unknown}
 n - a potion of resistance {unknown}


   Skills:
 + Level 2.6 Dodging
 + Level 2.8 Stealth
 + Level 2.8 Spellcasting
 + Level 5.0 Necromancy


You had 7 spell levels left.
You knew the following spells:

 Your Spells              Type           Power      Damage    Failure   Level
a - Necrotise             Necr           80%        1d8       1%          1

Your spell library contained the following spells:

 Spells                   Type           Power      Damage    Failure   Level
 Vampiric Draining        Necr           20%        2d7       6%          3
 Foxfire                  Conj/Fire      8%         2x1d4     17%         1
 Animate Dead             Necr           20%        N/A       21%         4
 Conjure Flame            Conj/Fire      2%         6-21      45%         3
 Inner Flame              Hex/Fire       2%         N/A       45%         3
 Agony                    Necr           20%        N/A       50%         5
 Flame Wave               Conj/Fire      2%         2d4       86%         4


Dungeon Overview and Level Annotations

Branches:
Dungeon (3/15)

Altars:


Innate Abilities, Weirdness & Mutations

Your demonic aura sometimes causes spilled blood to erupt in flames.
Spells you cast may paralyse adjacent enemies.
Your touch may inflict minor irresistible damage on your foes.


Message History

Ijyb writhes in agony.
Malevolent energies surge around you.
Unknown command.
The helpless Ijyb fails to defend herself.
You puncture Ijyb!
You kill Ijyb!
Unknown command.
A shadow imp comes into view.
Items here: ! ) / [ †.
You can't see any susceptible monsters within range! (Use Z to cast anyway.)
You can't see any susceptible monsters within range! (Use Z to cast anyway.)
You can't see any susceptible monsters within range! (Use Z to cast anyway.) Unknown command.
You closely miss the shadow imp.
The shadow imp shouts, "Take thy face hence, thou venomed beetle-headed minnow reeky!"
The shadow imp barely misses you.
You closely miss the shadow imp. Your touch misses the shadow imp.
The shadow imp gestures at you.
You barely resist. You barely miss the shadow imp.
Your touch misses the shadow imp. The shadow imp barely misses you.
Unknown command.
You can't see any susceptible monsters within range! (Use Z to cast anyway.)
You can't see any susceptible monsters within range! (Use Z to cast anyway.) Unknown command.
You hit the shadow imp but do no damage.
Lightning courses through the shadow imp!
The shadow imp is severely wounded.
The shadow imp gestures at you. Pain shoots through your body!
You hit the shadow imp.
The shadow imp is almost dead.
The shadow imp gestures at you. Pain shoots through your body!
* * * LOW HITPOINT WARNING * * *
You hit the shadow imp but do no damage.
Your touch misses the shadow imp.
The shadow imp is almost dead.
The shadow imp gestures at you. Pain shoots through your body!
You die...

.. #.<.#
⌠.###...####
...........#
#........8.#
#..........#
#....(..#### #
.........# .#
8........###.#
........)@5.#
#...###.⌠...#
#.>. #.....#
#.. ####### ##


You could see a shadow imp.

Vanquished Creatures
  Ijyb (D:3)
  3 adders (D:2)
  A worm (D:2)
  4 bats
  8 endoplasms
  3 giant cockroaches (D:1)
  A goblin (D:2)
  5 hobgoblins
  6 jackals (D:2)
  A quokka (D:2)
  8 ball pythons
  3 frilled lizards (D:1)
  7 kobolds
  7 rats
58 creatures vanquished.

Notes
Turn   | Place    | Note
-------+----------+-------------------------------------------
     0 | D:1      | Zonian the Demonspawn Necromancer began the quest for the
                  | Orb.
     0 | D:1      | Reached XP level 1. HP: 13/13 MP: 3/3
   429 | D:1      | Gained mutation: Your touch may inflict minor irresistible
                  | damage on your foes. [demonic ancestry]
   429 | D:1      | Reached XP level 2. HP: 10/19 MP: 3/5
  1449 | D:1      | Found a faded altar of an unknown god.
  1531 | D:1      | Gained mutation: Spells you cast may paralyse adjacent
                  | enemies. [demonic ancestry]
  1531 | D:1      | Reached XP level 3. HP: 15/24 MP: 6/6
  2235 | D:2      | Gained mutation: Your demonic aura sometimes causes spilled
                  | blood to erupt in flames. [demonic ancestry]
  2235 | D:2      | Reached XP level 4. HP: 23/30 MP: 4/7
  2643 | D:2      | Reached skill level 5 in Necromancy
  2835 | D:3      | Noticed Ijyb
  2841 | D:3      | Killed Ijyb
  2849 | D:3      | Killed from afar by a shadow imp

Illustrated notes

Levels and vault maps discovered:
D:1:      wander_arrival_abandoned_jail, layout_loops_ring,
          dreamdust_ecumenical_altar_statues, st_stairs_2, reono_crystal_passage
D:2:      layout_basic, minmay_split_cup_large
D:3:      layout_loops_ring, gup_sewer_entry_bowl,
          nicolae_elevator_lobby_asterisk, uniq_crazy_yiuf_cottage, uniq_ijyb

Skill      XL: |  1  2  3  4 |
---------------+-------------+-----
Dodging        | 2 |  2.6
Stealth        | 2 |  2.8
Necromancy     | 5 |  5.0
Spellcasting   | |  2.8

Action                   |  1- 3 |  4- 6 || total
-------------------------+-------+-------++-------
Melee: Unarmed           |    29 |       ||    29
       Dagger            |    40 |    18 ||    58
       Touch             |     7 |       ||     7
 Fire: Sling             |     3 |       ||     3
 Cast: Necrotise         |    45 |    13 ||    58
 Stab: Sleeping          |     1 |     2 ||     3
       Paralysed         |       |     2 ||     2
Armor: Robe              |    27 |     4 ||    31
Dodge: Dodged            |    77 |    11 ||    88

Table legend: (Time is in decaauts)
 A = Elapsed time spent in this place.
 B = Non-inter-level travel time spent in this place.
 C = Inter-level travel time spent in this place.
 D = Time resting spent in this place.
 E = Time spent auto-exploring this place.
 F = Levels seen in this place.
 G = Mean time per level.
                   A        B        C        D        E       F      G
               +--------+--------+--------+--------+--------+-----+--------+
         Total |   2870 |   2775 |     95 |    430 |   1850 |   3 |  956.7 |
       Dungeon |   2870 |   2775 |     95 |    430 |   1850 |   3 |  956.7 |
               +--------+--------+--------+--------+--------+-----+--------+

Top non-repeatable levels by time:
     D:1: 1798 daAuts
     D:2: 1051 daAuts
     D:3: 20 daAuts
